 Dungeon Crawl Stone Soup version 0.32-a0-39-g5c88369fb2 (webtiles) character file.

Game seed: 14802402783026814352

1974 Ge0ff the Thaumaturge (level 9, -5/63 HPs)
             Began as a Mummy Cinder Acolyte on Jan 30, 2024.
             Was a High Priest of Ignis.
             Engulfed by a cloud of flame (16 damage)
             ... on level 7 of the Dungeon.
             The game lasted 00:09:44 (6405 turns).

Ge0ff the Thaumaturge (Mummy Cinder Acolyte)        Turns: 6405, Time: 00:09:44

Health: -5/63      AC:  7    Str: 18    XL:     9   Next: 0%
Magic:  7/21       EV: 11    Int: 23    God:    Ignis [*****.]
Gold:   341        SH:  0    Dex:  7    Spells: 19/25 levels left

rFire   . . .        a - -1 spear (flame)
rCold   + . .        (no shield)
rNeg    + + +        U - +2 steam dragon scales
rPois   ∞            (no helmet)
rElec   .            (no cloak)
rCorr   .            (no gloves)
SInv    .            (no boots)
Will    ++...        (no amulet)
Stlth   ++           T - ring of willpower
HPRegen 0.30/turn    k - +6 ring of intelligence {=R}
MPRegen 0.17/turn

%: faith
@: no status effects
A: cold resistance 1, negative energy resistance 3, torment resistance 2, heat
vulnerability 1, in touch with death 1, no potions, faith
a: Renounce Religion, Fiery Armour, Foxfire Swarm, Rising Flame


You were on level 7 of the Dungeon.
You worshipped Ignis.
Ignis was extremely pleased with you.
You visited 2 branches of the dungeon, and saw 8 of its levels.

You collected 341 gold pieces.

Inventory:

Hand Weapons
 a - a -1 spear of flaming (weapon)
 b - a +2 dagger of speed
 w - a +2 dagger of freezing
 x - a +2 dagger of venom
 y - a +1 dagger of distortion
 X - a +0 spear of freezing
Missiles
 c - 41 stones
 f - 4 boomerangs
 g - a throwing net {=F}
 v - 6 curare-tipped darts {=F}
 S - 7 poisoned darts
Armour
 U - +2 steam dragon scales (worn)
 Y - a +0 buckler
Magical Staves
 l - a staff of air
 Q - a staff of alchemy
Jewellery
 k - a +6 ring of intelligence (right hand) {=R}
 n - a ring of protection from cold
 O - a +6 ring of strength
 T - a ring of willpower (left hand)
 W - a ring of see invisible
Wands
 P - a wand of polymorph (10)
Scrolls
 d - 2 scrolls of brand weapon
 m - a scroll of teleportation {unknown}
 z - 2 scrolls of poison {unknown}
 A - a scroll of fear {unknown}
 B - a scroll of fog {unknown}
 R - 3 scrolls of enchant weapon {unknown}
 V - a scroll of vulnerability
 Z - a scroll of acquirement {unknown}


   Skills:
 - Level 3.0 Fighting
 - Level 2.4 Polearms
 - Level 2.0 Stealth
 + Level 8.6 Spellcasting
 - Level 5.0 Summonings
 + Level 5.9 Fire Magic


You had 19 spell levels left.
You knew the following spells:

 Your Spells              Type           Power      Damage    Failure   Level
s - Summon Blazeheart Go  Fire/Summ      35%        N/A       7%          4
C - Scorch                Fire           74%        2d8       1%          2

Your spell library contained the following spells:

 Spells                   Type           Power      Damage    Failure   Level
 Summon Small Mammal      Summ           100%       N/A       1%          1
 Call Imp                 Summ           64%        N/A       1%          2
 Call Canine Familiar     Summ           32%        N/A       2%          3
 Volatile Blastmotes      Fire/Tloc      46%        2d13      6%          3
 Magic Dart               Conj           36%        1d4       7%          1
 Blink                    Tloc           18%        N/A       10%         2
 Cigotuvi's Dreadful Rot  Necr/Alch/Air  28%        N/A       10%         2
 Lesser Beckoning         Tloc           18%        N/A       10%         2
 Ignite Poison            Fire/Alch      23%        N/A       19%         4
 Dazzling Flash           Conj/Hex       18%        N/A       21%         3
 Gell's Gravitas          Tloc           9%         N/A       21%         3
 Teleport Other           Tloc           9%         N/A       21%         3
 Freezing Cloud           Conj/Ice/Air   4%         6-21      88%         5
 Starburst                Conj/Fire      11%        6d5       96%         6
 Maxwell's Capacitive Co  Air            4%         ∞         100%        8


Dungeon Overview and Level Annotations

Branches:
Dungeon (7/15) Zot: 26429  Temple (1/1) D:6 Zot: 5998

Altars:
Ashenzari
Dithmenos
Fedhas
Gozag
Hepliaklqana
Kikubaaqudgha
Makhleb
Nemelex Xobeh
Okawaru
Qazlal
Ru
Sif Muna
Trog
Uskayaw
Vehumet
Wu Jian
Xom
Yredelemnul

Annotations:
D:7 Jeremiah


Innate Abilities, Weirdness & Mutations

You are immune to poison.
Your flesh is cold resistant. (rC+)
You are immune to negative energy. (rN+++)
You are immune to unholy pain and torment.
You are vulnerable to heat. (rF-)
You are in touch with the powers of death.
You do not drink.
You have a special connection with the divine. (Faith)


Message History

Confirm with . or Enter, or press ? or * to list all spells.
Flames lash the water moccasin.
The water moccasin is moderately wounded.
The water moccasin's fire resistance burns away.
The water moccasin bites you. x2
Your blazeheart golem punches the butterfly!!
The butterfly dies!
The butterfly disappears in a burst of colours!
Your blazeheart golem falls apart, revealing its core!
Casting: Scorch (safe; 1% risk of failure)
Confirm with . or Enter, or press ? or * to list all spells.
Flames lash the water moccasin.
The water moccasin is burned terribly!
The water moccasin is severely wounded.
The sky beast flickers out of sight!
Deactivating autopickup; reactivate with Ctrl-A.
Your blazeheart core explodes!
The fiery explosion engulfs the butterfly!!
You kill the butterfly!
The butterfly disappears in a burst of colours!
The fiery explosion engulfs the butterfly!!
You kill the butterfly!
The butterfly disappears in a burst of colours!
The fiery explosion engulfs you!
The water moccasin bites you but does no damage.
Casting: Scorch (safe; 1% risk of failure)
Confirm with . or Enter, or press ? or * to list all spells.
Flames lash something.
You are engulfed in blazing flames.
The butterfly is engulfed in blazing flames.
You kill the butterfly!
The butterfly disappears in a burst of colours!
The butterfly is engulfed in blazing flames.
You kill the butterfly!
The butterfly disappears in a burst of colours!
The water moccasin bites you.
Casting: Scorch (safe; 1% risk of failure)
Confirm with . or Enter, or press ? or * to list all spells.
Flames lash the butterfly.
You kill the butterfly!
The butterfly disappears in a burst of colours!
You are engulfed in blazing flames.
* * * LOW HITPOINT WARNING * * *
The butterfly disappears in a burst of colours!
The butterfly is engulfed in blazing flames.
You kill the butterfly!
The butterfly disappears in a burst of colours!
The water moccasin bites you.
* * * LOW HITPOINT WARNING * * *
The water moccasin barely misses you.
You are engulfed in blazing flames.
You die...

#....#... #........
#....##.# #....##.# .
#....##.# ... #.......#
# ....##### #....##.## .
.b<...b○####........##
...b.Fb@○S...........###
....######..............
. #...........#..##
#..#........##....
S......#........>..
#.......#.......).##
#.##.............<## #.
#.........#......
#..........#


You could see Jeremiah and a water moccasin (combustible).

Vanquished Creatures
  Maggie (D:7)
  A troll (D:6)
  A black bear (D:7)
  A lemure (D:6)
  A gnoll sergeant (D:6)
  2 scorpions (D:5)
  2 howler monkeys
  6 hounds
  A bombardier beetle (D:5)
  2 orc priests (D:6)
  A jelly (D:6)
  A sleepcap (D:4)
  An iguana (D:6)
  3 orc wizards
  6 adders
  5 gnolls (D:6)
  4 ufetubi
  2 ribbon worms
  A dart slug (D:3)
  14 orcs
  4 bats
  6 endoplasms
  3 giant cockroaches
  6 hobgoblins
  3 quokkas
  8 ball pythons
  4 frilled lizards
  8 goblins
  4 kobolds
  2 rats (D:1)
104 creatures vanquished.

Vanquished Creatures (collateral kills)
  Pikel (D:7)
  A bullfrog (D:7)
  An iguana (D:7)
3 creatures vanquished.

Vanquished Creatures (others)
  4 blazeheart cores
4 creatures vanquished.

Grand Total: 111 creatures vanquished

Notes
Turn   | Place    | Note
-------+----------+-------------------------------------------
     0 | D:1      | Ge0ff the Mummy Cinder Acolyte began the quest for the Orb.
     0 | D:1      | Reached XP level 1. HP: 18/18 MP: 2/2
   162 | D:1      | Reached XP level 2. HP: 24/24 MP: 4/4
   165 | D:1      | Learned a level 2 spell: Scorch
   202 | D:1      | Reached skill level 2 in Spellcasting
   769 | D:2      | Reached skill level 1 in Stealth
  1040 | D:2      | Reached XP level 3. HP: 29/29 MP: 1/6
  1429 | D:2      | Found a faded altar of an unknown god.
  1985 | D:3      | Reached skill level 3 in Spellcasting
  1985 | D:3      | Reached XP level 4. HP: 23/35 MP: 1/8
  2684 | D:4      | Reached XP level 5. HP: 12/41 MP: 0/10
  2852 | D:4      | Reached skill level 4 in Spellcasting
  3241 | D:4      | Reached XP level 6. HP: 47/47 MP: 10/13
  3451 | D:4      | Learned a level 4 spell: Summon Blazeheart Golem
  3478 | D:5      | Entered Level 5 of the Dungeon
  3665 | D:5      | Found a hazy altar of Hepliaklqana.
  3690 | D:5      | Reached skill level 5 in Spellcasting
  3690 | D:5      | Reached skill level 1 in Summonings
  4361 | D:5      | Found an iron altar of Okawaru.
  4364 | D:5      | Reached XP level 7. HP: 52/52 MP: 11/15
  4833 | D:6      | Noticed a troll
  5267 | D:6      | Reached skill level 6 in Spellcasting
  5388 | D:6      | Found a staircase to the Ecumenical Temple.
  5404 | Temple   | Entered the Ecumenical Temple
  5795 | D:6      | Killed a troll
  5796 | D:6      | Reached skill level 5 in Fire Magic
  5796 | D:6      | Reached XP level 8. HP: 58/58 MP: 13/17
  5836 | D:7      | Noticed Maggie
  5849 | D:7      | Killed Maggie
  6102 | D:7      | Noticed Pikel
  6113 | D:7      | Killed Pikel
  6114 | D:7      | Reached skill level 8 in Spellcasting
  6114 | D:7      | Reached skill level 5 in Summonings
  6351 | D:7      | Reached XP level 9. HP: 58/63 MP: 15/21
  6388 | D:7      | Noticed Jeremiah
  6405 | D:7      | Engulfed by a cloud of flame

Illustrated notes

Levels and vault maps discovered:
D:1:      mainiacjoe_arrival_oval_in_oval, layout_rooms
D:2:      layout_loops_ring, dreamdust_ecumenical_altar_hidden_monk_grotto,
          st_stairs_12
D:3:      layout_loops_ring
D:4:      layout_basic, dreamdust_princess_corridor
D:5:      layout_loops_cross, kennysheep_mini, kennysheep_okawaru_gauntlet
D:6:      layout_rooms, minmay_temple_entry_slanted
D:7:      gammafunk_the_bubble [the_bubble_gammafunk_plus_minus], layout_rooms,
          mainiacjoe_overflow_cross_hatched, uniq_menkaure, uniq_jeremiah,
          uniq_pikel, uniq_maggie
Temple:   hc_temple_tempest_star

Skill      XL: |  1  2  3  4  5  6  7  8 |
---------------+-------------------------+-----
Spellcasting   | 2 3 4 5 6 8 |  8.6
Stealth        | 1 2 |  2.0
Fire Magic     | 3 4 5 |  5.9
Summonings     | 2 4 5 |  5.0
Fighting       | |  3.0
Polearms       | |  2.4

Action                     |  1- 3 |  4- 6 |  7- 9 || total
---------------------------+-------+-------+-------++-------
  Melee: Spear             |    58 |    17 |     6 ||    81
         Punch             |     2 |     1 |       ||     3
  Throw: Dart              |       |     1 |     1 ||     2
         Boomerang         |       |     1 |       ||     1
         Stone             |       |       |     1 ||     1
   Cast: Scorch            |    33 |    58 |    52 ||   143
         Summon Blazeheart |       |       |     8 ||     8
 Invoke: Fiery Armour      |     1 |       |       ||     1
    Use: Scroll            |       |     2 |     1 ||     3
 Armour: Robe              |    27 |    23 |    15 ||    65
         Steam dragon scal |       |       |    18 ||    18
  Dodge: Dodged            |    18 |    23 |    22 ||    63

Table legend: (Time is in decaauts)
 A = Elapsed time spent in this place.
 B = Non-inter-level travel time spent in this place.
 C = Inter-level travel time spent in this place.
 D = Time resting spent in this place.
 E = Time spent auto-exploring this place.
 F = Levels seen in this place.
 G = Mean time per level.
                   A        B        C        D        E       F      G
               +--------+--------+--------+--------+--------+-----+--------+
         Total |   6407 |   6123 |    284 |    385 |   4873 |   8 |  800.9 |
       Dungeon |   6405 |   6121 |    284 |    385 |   4873 |   7 |  915.0 |
        Temple |      1 |      1 |      0 |      0 |      0 |   1 |    1.0 |
               +--------+--------+--------+--------+--------+-----+--------+

Top non-repeatable levels by time:
     D:6: 1308 daAuts
     D:5: 1155 daAuts
     D:3: 1126 daAuts
     D:2: 967 daAuts
     D:4: 912 daAuts
     D:1: 570 daAuts
     D:7: 365 daAuts
  Temple: 1 daAuts
